 Dungeon Crawl Stone Soup version 0.22-a0-422-g9628fc87f1 (webtiles) character file.

57 Kriby the Chopper (level 3, 0/34 HPs)
             Began as a Deep Dwarf Berserker on May 19, 2018.
             Was a Believer of Trog.
             Slain by a worm (3 damage)
             ... on level 3 of the Dungeon.
             The game lasted 00:01:17 (1228 turns).

Kriby the Chopper (Deep Dwarf Berserker)            Turns: 1228, Time: 00:01:18

Health: 0/34       AC: 12    Str: 21    XL:     3   Next: 73%
Magic:  3/3        EV:  7    Int:  7    God:    Trog [**....]
Gold:   96         SH:  0    Dex: 12    Spells: 2/2 levels left

rFire    . . .     SeeInvis .   a - +0 hand axe
rCold    . . .     Gourm    .   (no shield)
rNeg     . . .     Faith    .   h - +0 plate armour
rPois    .         Spirit   .   (no helmet)
rElec    .         Reflect  .   (no cloak)
rCorr    .         Harm     .   (no gloves)
MR       .....                  g - +0 pair of boots
Stlth    ..........             (no amulet)
HPRegen  0.00/turn              (no ring)
MPRegen  0.08/turn              (no ring)

@: non-regenerating
A: damage resistance, heal wounds, sense surroundings 1, no regeneration
a: Heal Wounds, Berserk, Trog's Hand, Renounce Religion


You were on level 3 of the Dungeon.
You worshipped Trog.
Trog was pleased with you.
You were not hungry.

You visited 1 branch of the dungeon, and saw 3 of its levels.

You collected 96 gold pieces.

Inventory:

Hand Weapons
 a - a +0 hand axe (weapon)
Armour
 b - a +0 animal skin
 g - a +0 pair of boots (worn)
 h - a +0 plate armour (worn)
Jewellery
 i - an uncursed ring of resist corrosion {unknown}
Wands
 o - a wand of acid (7) {@v2}
Scrolls
 e - 3 scrolls of identify {@r1}
 j - 2 scrolls of teleportation {unknown}
 n - a scroll of amnesia {unknown}
Potions
 d - a potion of haste {@q3}
 k - a potion of resistance {unknown}
 l - a potion of might {unknown}
 m - a potion of mutation {unknown}
Comestibles
 c - 3 rations {@e1}
 f - 3 chunks of flesh


   Skills:
 * Level 3.1 Fighting
 * Level 3.9 Axes
 * Level 2.9 Armour
 * Level 2.9 Dodging


You had 2 spell levels left.
You didn't know any spells.
Your spell library was empty.

Dungeon Overview and Level Annotations

Branches:
Dungeon (3/15)

Altars:


Innate Abilities, Weirdness & Mutations

You are resistant to damage.
You can heal yourself by infusing magical energy.
You passively map a small area around you.
You do not regenerate.


Message History

The worm bites you but does no damage.
You hit the worm but do no damage.
The worm is almost dead.
You hit the worm.
You kill the worm!
Trog accepts your kill.
You swing at nothing.
You hit the worm.
The worm is lightly wounded.
The worm barely misses you.
You barely miss the worm.
The worm is lightly wounded.
You hit the worm.
The worm is moderately wounded.
The worm bites you.
* * * LOW HITPOINT WARNING * * *
You hit the worm.
The worm is moderately wounded.
The worm bites you.
You die...

...# ##.# * ### ##.#, * ,...
...#.* ####### ....
####.#############.....# ....
.(.#.............#.....# *.....
##.###.........#.#.....#####..$..
#.)..'.........#.#...............
#..###.........#@#....w..........
#..# #......#+##w#.....####......
#..# #.####.# #....÷w..# *......
#..# #+# ,#.# #..#...### .#####
#.>. , ,#.# #..#)..# , .. ....
#.#,#..#...# .#* #.#. , .#
#......# * .# , , #....#.#, .# *
, * ######.# ,


You could see a worm.

Vanquished Creatures
  An adder (D:2)
  2 dart slugs
  2 worms
  4 bats
  A giant cockroach (D:2)
  4 goblins
  7 hobgoblins
  4 quokkas
  3 frilled lizards (D:2)
  5 kobolds
  4 rats
37 creatures vanquished.

Notes
Turn   | Place    | Note
-------+----------+-------------------------------------------
     0 | D:1      | Kriby the Deep Dwarf Berserker began the quest for the Orb.
     0 | D:1      | Reached XP level 1. HP: 20/20 MP: 1/1
   196 | D:1      | Reached XP level 2. HP: 22/27 MP: 2/2
   659 | D:2      | Reached XP level 3. HP: 25/34 MP: 3/3
   796 | D:2      | Reached ** piety under Trog
  1228 | D:3      | Slain by a worm

Vault maps used:
D:1:      minmay_arrival_solitary_statue
D:3:      grunt_temple_overflow_open

Skill      XL: |  1  2 |
---------------+-------+-----
Fighting       | 3 |  3.1
Axes           | |  3.9
Armour         | |  2.9
Dodging        | |  2.9

Action                   || total
-------------------------++-------
Melee: Hand axe          ||   153
  Use: Scroll            ||     1
 Stab: Sleeping          ||     1
  Eat: Chunk             ||     1
Armor: Animal skin       ||     5
       Plate armour      ||    72
Dodge: Dodged            ||    58

Table legend:
 A = Spawn XP
 B = Non-spawn XP
 C = Spawn XP percentage of total XP
 D = Spawn monster count
 E = Non-spawn monster count
 F = Spawn count percentage of total count
 G = Total turns spent on level
                    A         B        C        D         E        F      G
               +---------+---------+-------+---------+---------+-------+---------
         Total |       0 |      82 |   0.0 |       0 |      37 |   0.0 |  1228
               +---------+---------+-------+---------+---------+-------+---------
           D:1 |       0 |      29 |   0.0 |       0 |      15 |   0.0 |   569
           D:2 |       0 |      44 |   0.0 |       0 |      18 |   0.0 |   561
           D:3 |       0 |       9 |   0.0 |       0 |       4 |   0.0 |    98
               +---------+---------+-------+---------+---------+-------+---------
